Map: [ESL] Alcyone

Players

Bunny - Winner!

  • Race: Terran Terran
  • Spawn Location: 7:00

SHIN

  • Race: Zerg Zerg
  • Spawn Location: 1:00

Event: IEM Katowice 2024

VOD

Have the link to the VOD?

Description

Time

  • Played on: Dec. 6, 2023, 6:16 a.m.
  • Length: 7:49

All games in this series

Show
View Real Time Build Order
Export as new Build Order

Bunny Terran - Winner!

Build Orders: Reaper Expand, Hellion Banshee 

Get SALT Encoding   

  12  0:00  SCV  
  13  0:12  SCV  
  14  0:17  Supply Depot  
  14  0:24  SCV  
  15  0:38  SCV  
  15  0:41  Barracks  
  15  0:42  Refinery  
  16  0:50  SCV  
  17  1:03  SCV  
  18  1:15  SCV  
  19  1:27  Orbital Command  
  19  1:28  Reaper  
  20  1:38  Command Center  
  20  1:45  Supply Depot  
  20  1:53  SCV  
  21  2:00  Marine  
  22  2:05  SCV  
  22  2:07  Factory  
  23  2:16  Refinery  
  23  2:17  SCV  
  23  2:19  Barracks Reactor  
  24  2:29  SCV  
  25  2:41  SCV  
  26  2:52  Orbital Command, Starport  
  26  2:53  SCV  
  27  3:01  Hellion x2  
  27  3:05  SCV, Barracks Tech Lab  
  32  3:17  SCV x2  
  34  3:23  Supply Depot, Hellion x2  
  38  3:29  SCV x2  
  40  3:34  Banshee  
  40  3:35  Barracks Tech Lab  
  40  3:36  Cloaking Field  
  43  3:42  SCV x2  
  43  3:45  Hellion  
  43  3:46  Hellion  
  43  3:48  Supply Depot  
  49  3:53  Marine  
  49  3:54  SCV x2  
  52  3:56  Stimpack  
  52  4:06  SCV x2  
  54  4:14  Marine  
  54  4:15  Barracks  
  55  4:18  Barracks  
  55  4:19  Banshee  
  55  4:21  SCV  
  55  4:22  SCV  
  60  4:26  Factory Reactor  
  60  4:29  Supply Depot  
  60  4:33  SCV  
  60  4:34  SCV  
  60  4:35  Refinery  
  60  4:37  Engineering Bay  
  62  4:45  Barracks  
  62  4:46  Barracks  
  62  4:50  Marine, SCV x2  
  62  4:51  Supply Depot  
  65  5:03  SCV x2  
  67  5:13  Terran Infantry Weapons Level 1  
  67  5:15  Marine x3, SCV x2  
  67  5:16  Starport Reactor  
  67  5:17  Siege Tank  
  67  5:21  Marine x2  
  77  5:24  Supply Depot x3  
  77  5:34  Marine  
  78  5:45  Marine x6  
  78  5:49  Supply Depot, Siege Tank  
  87  5:52  Marine  
  87  5:53  Medivac  
  87  5:55  Combat Shield  
  90  6:00  Refinery  
  90  6:02  Supply Depot  
  90  6:03  Marine x6  
  96  6:10  Marine  
  97  6:11  Medivac  
  97  6:21  Marine x6  
  97  6:23  Medivac  
  105  6:27  Siege Tank  
  105  6:28  Marine  
  109  6:34  Supply Depot  
  109  6:37  Supply Depot  
  109  6:38  Marine x5  
  114  6:41  Medivac  
  114  6:42  Marine  
  114  6:46  Marine  
  118  6:56  Medivac, Marine x4  
  124  7:08  Siege Tank  
  124  7:14  Marine x3  
  124  7:15  Marine x2  
  122  7:19  Marine x2  
Show
View Real Time Build Order
Export as new Build Order

SHIN Zerg 

Build Orders: Hatch First 

Get SALT Encoding   

  12  0:00  Drone  
  13  0:08  Drone  
  14  0:17  Overlord  
  14  0:35  Drone x2  
  16  0:47  Hatchery  
  15  0:51  Drone  
  15  0:55  Drone  
  17  1:00  Drone  
  18  1:13  Spawning Pool  
  18  1:16  Drone  
  18  1:20  Drone  
  19  1:33  Drone  
  20  1:43  Hatchery  
  20  1:44  Drone  
  20  1:59  Queen  
  20  2:00  Zergling x2  
  20  2:01  Zergling x2  
  24  2:08  Queen  
  26  2:13  Overlord  
  26  2:16  Drone  
  26  2:19  Drone  
  28  2:32  Drone x3  
  28  2:35  Drone  
  28  2:36  Queen  
  34  2:42  Drone  
  34  2:44  Drone  
  36  2:53  Overlord  
  36  2:54  Queen  
  36  2:55  Extractor  
  36  2:56  Drone  
  38  2:58  Drone  
  39  3:05  Roach Warren  
  39  3:08  Drone  
  39  3:09  Drone  
  39  3:11  Drone  
  41  3:13  Extractor  
  41  3:16  Drone  
  41  3:17  Drone x2  
  43  3:20  Drone  
  43  3:24  Overlord  
  44  3:27  Drone  
  44  3:30  Overlord  
  45  3:45  Roach x3  
  45  3:47  Drone x4  
  55  3:48  Roach  
  55  3:53  Queen  
  59  3:58  Drone x2  
  61  4:04  Roach x2  
  61  4:06  Drone  
  61  4:09  Overlord  
  66  4:11  Overlord  
  66  4:16  Overlord  
  66  4:18  Overlord  
  66  4:20  Overlord  
  66  4:26  Overlord  
  66  4:27  Drone x2  
  66  4:28  Drone  
  66  4:29  Drone  
  66  4:31  Drone  
  71  4:35  Queen  
  73  4:39  Lair  
  73  4:41  Drone  
  73  4:42  Extractor  
  73  4:43  Spore Crawler  
  72  4:46  Spore Crawler  
  72  4:48  Spore Crawler  
  72  4:49  Drone  
  72  4:50  Drone  
  72  4:54  Drone x2  
  72  4:55  Drone  
  72  4:58  Drone x3  
  77  5:00  Drone  
  77  5:02  Drone  
  77  5:04  Drone  
  78  5:07  Drone x2  
  78  5:10  Drone  
  78  5:12  Drone x2  
  82  5:15  Drone  
  82  5:16  Drone  
  82  5:17  Drone  
  82  5:19  Drone  
  82  5:21  Drone  
  87  5:22  Drone  
  87  5:23  Drone  
  87  5:26  Drone x2  
  87  5:28  Drone  
  92  5:31  Drone  
  92  5:32  Drone  
  94  5:36  Queen  
  94  5:37  Drone  
  94  5:40  Drone  
  97  5:44  Overseer  
  97  5:45  Drone x2  
  97  5:47  Drone  
  97  5:48  Glial Reconstitution  
  97  5:49  Drone x2  
  101  5:50  Extractor  
  101  5:52  Evolution Chamber  
  101  5:53  Evolution Chamber, Overseer  
  98  6:01  Hatchery  
  98  6:03  Drone  
  98  6:04  Extractor  
  98  6:06  Infestation Pit  
  96  6:11  Roach  
  96  6:12  Roach x4  
  96  6:15  Roach x2  
  96  6:18  Overlord  
  110  6:20  Extractor  
  110  6:21  Ravager x5  
  110  6:25  Overlord x3  
  114  6:33  Overlord x2  
  114  6:36  Overlord  
  114  6:37  Overlord  
  114  6:43  Overlord  
  114  6:44  Roach x2  
  118  6:48  Ravager  
  118  6:50  Roach, Zergling x6  
  124  6:55  Roach x3  
  124  6:58  Overlord  
  124  7:01  Roach x2  
  132  7:07  Roach x4  
  128  7:16  Roach  
  128  7:17  Roach x4  
  112  7:23  Roach x4  
  112  7:26  Roach  
  112  7:27  Ravager  
  112  7:29  Roach, Zergling x2  

Tags
 
Add a new tag
Caveats
  • Supply blocks, unpowered buildings, or Contaminate may cause inaccurate times.
  • Supply counts are checked every 10 seconds.